 Dungeon Crawl Stone Soup version 0.30-b1-5-g8e6c1be481 (webtiles) character file.

Game seed: 17160896576128553284

8840 Silvore the Fencer (level 11, -2/101 HPs)
             Began as a Minotaur Fighter on May 4, 2023.
             Was a High Priest of Okawaru.
             Slain by a yak (7 damage)
             ... on level 10 of the Dungeon.
             The game lasted 00:14:31 (6804 turns).

Silvore the Fencer (Minotaur Fighter)               Turns: 6804, Time: 00:14:31

Health: -2/101     AC: 17    Str: 29    XL:     11   Next: 15%
Magic:  10/10      EV:  7    Int:  5    God:    Okawaru [*****.]
Gold:   464        SH: 16    Dex: 12    Spells: 10/10 levels left

rFire   . . .        a - +0 long sword
rCold   . . .        F - +2 tower shield
rNeg    . . .        r - +0 plate armour
rPois   .            v - +1 hat
rElec   .            (no cloak)
rCorr   .            (no gloves)
SInv    .            I - +0 pair of boots
Will    .....        o - amulet of regeneration Stlth
                     l - +4 ring of slaying
HPRegen 1.16/turn    t - +6 ring of strength
MPRegen 0.12/turn

%: no passive effects
@: no status effects
A: horns 2, retaliatory headbutt
a: Renounce Religion, Heroism, Finesse, Duel


You were on level 10 of the Dungeon.
You worshipped Okawaru.
Okawaru was extremely pleased with you.
You visited 2 branches of the dungeon, and saw 11 of its levels.
You also visited: Sewer.

You collected 632 gold pieces.
You spent 168 gold pieces at shops.

Inventory:

Hand Weapons
 a - a +0 long sword (weapon)
Armour
 b - a +0 scale mail
 c - a +1 buckler
 r - a +0 plate armour (worn)
 v - a +1 hat (worn)
 F - a +2 tower shield (worn)
 I - a +0 pair of boots (worn)
Jewellery
 l - a +4 ring of slaying (left hand)
 m - an amulet of magic regeneration
 o - an amulet of regeneration (around neck)
 p - an amulet of magic regeneration
 t - a +6 ring of strength (right hand)
 x - an amulet of reflection
 E - a ring of protection from fire
Wands
 s - a wand of polymorph (32)
 y - a wand of flame (8)
Scrolls
 h - 2 scrolls of enchant armour
 q - 2 scrolls of immolation
 u - 2 scrolls of magic mapping
 A - 2 scrolls of silence
 B - a scroll of teleportation
 D - a scroll of blinking
 G - a scroll of fog
 H - 2 scrolls of identify
Potions
 d - a potion of berserk rage
 e - 2 potions of cancellation
 f - 2 potions of invisibility
 g - 3 potions of curing
 i - 6 potions of attraction
 j - a potion of mutation
 k - 3 potions of degeneration
 n - 4 potions of haste
 w - 4 potions of lignification
 z - a potion of resistance
 C - 4 potions of flight


   Skills:
 + Level 10.8 Fighting
 + Level 16.6 Long Blades
 + Level 10.3 Armour
 + Level 3.6 Dodging
 + Level 0.1 Stealth
 + Level 8.1 Shields


You had 10 spell levels left.
You didn't know any spells.
Your spell library contained the following spells:

 Spells                   Type           Power      Damage    Failure   Level
 Magic Dart               Conj           0%         1d3       100%        1
 Cigotuvi's Dreadful Rot  Necr/Pois/Air  0%         N/A       100%        2
 Sublimation of Blood     Necr           0%         N/A       100%        2
 Wereblood                Tmut           0%         N/A       100%        2
 Dazzling Flash           Conj/Hex       0%         N/A       100%        3
 Frozen Ramparts          Ice            0%         1d1       100%        3
 Mephitic Cloud           Conj/Pois/Air  0%         N/A       100%        3
 Vhi's Electric Charge    Tloc/Air       0%         N/A       100%        3
 Dispel Undead            Necr           0%         3d6       100%        4
 Ice Form                 Ice/Tmut       0%         N/A       100%        4
 Agony                    Necr           0%         N/A       100%        5
 Arcjolt                  Conj/Air       0%         1d10      100%        5
 Blade Hands              Tmut           0%         N/A       100%        5
 Silence                  Hex/Air        0%         N/A       100%        5
 Iron Shot                Conj/Erth      0%         9d1       100%        6
 Plasma Beam              Fire/Air       0%         2x1d11    100%        6
 Chain Lightning          Conj/Air       0%         N/A       100%        9
 Fire Storm               Conj/Fire      0%         5d1       100%        9
 Shatter                  Erth           0%         3d5*      100%        9
 Call Imp                 Summ           Unusable   N/A       N/A         2
 Animate Armour           Summ/Erth      Unusable   N/A       N/A         4
 Summon Ice Beast         Ice/Summ       Unusable   N/A       N/A         4
 Death Channel            Necr           Unusable   N/A       N/A         6
 Summon Hydra             Summ           Unusable   N/A       N/A         7

Dungeon Overview and Level Annotations

Branches:
Dungeon (10/15)            Temple (1/1) D:6            Lair (0/5) D:10
  Sewer (visited)
    Orc: D:9-12

Altars:
Ashenzari
Cheibriados
Dithmenos
Elyvilon
Fedhas
Gozag
Hepliaklqana
Kikubaaqudgha
Makhleb
Nemelex Xobeh
Okawaru
Qazlal
Ru
Sif Muna
Trog
Uskayaw
Vehumet
Wu Jian
Xom
Zin
The Shining One

Shops:
D:3 ?   D:8 (


Innate Abilities, Weirdness & Mutations

You have a pair of horns on your head.
You reflexively headbutt those who attack you in melee.


Message History

You kill the orc priest!
Okawaru accepts your kill.
Your Shields skill increases to level 8!
Unknown command.
Okay, then.
You slash the yak! You headbutt the yak!
The yak is almost dead.
You block the yak's attack. You block something's attack.
You block the yak's attack. The yak barely misses you.
You barely miss the yak. You headbutt the yak.
You kill the yak!
Okawaru accepts your kill.
You can now enter into single combat with a foe.
Okawaru will now gift you equipment as you gain piety.
You block the yak's attack. Something hits you.
* * * LOW HITPOINT WARNING * * *
You block the yak's attack.
You slash the yak! You headbutt the yak.
You kill the yak!
Okawaru accepts your kill. You block the yak's attack.
You block something's attack.
You completely miss the yak. Your headbutt misses the yak.
The yak gores you but does no damage.
You hear some strange, mumbled words.
A magic dart appears from out of thin air!
The magic dart hits you.
* * * LOW HITPOINT WARNING * * *
Unknown command.
You hit the yak.
The yak is lightly wounded.
You block the yak's attack.
You hear some strange, mumbled words.
Something tries to affect you, but you resist.
You slash the yak!
The yak is heavily wounded.
The yak gores you but does no damage. Something hits you but does no damage.
You slash the yak!
The yak is severely wounded.
The yak gores you!
You die...

....... .. .......
.......# .......
.......# ...≈≈≈.
#.....#####...≈≈≈.
#.............≈≈≈.
#........{))...... ..
#.........@.......
§.#####........)Y.......
........................
§.......................
.........≈≈≈...........#
.........≈≈≈..........##
.........≈≈≈.........##
....................##
...................##


You could see a yak.

Vanquished Creatures
  Gastronok (D:8)
  Pikel (D:7)
  Psyche (D:8)
  A hornet (D:9)
  A troll (D:10)
  Grinder (D:5)
  2 wyverns
  A wraith (D:10)
  9 yaks
  2 steam dragons (D:8)
  2 water moccasins
  Pargi (Sewer)
  A sky beast (D:7)
  2 orc warriors
  4 ogres
  2 black bears
  3 ice beasts
  7 centaurs
  2 phantoms
  Blork the orc (D:6)
  2 kobold brigands
  4 bullfrogs
  4 scorpions
  5 wights (D:8)
  6 killer bees (D:9)
  2 howler monkeys (D:10)
  A crimson imp (D:7)
  4 hounds
  11 orc priests
  An iguana (D:2)
  Jessica (D:2)
  Ijyb (D:5)
  10 orc wizards
  7 adders
  6 gnolls
  A river rat (D:4)
  2 worms
  6 dart slugs
  38 orcs
  7 ball pythons
  5 endoplasms
  4 giant cockroaches
  5 goblins
  5 hobgoblins
  8 jackals
  7 quokkas
  7 bats
  A frilled lizard (D:1)
  10 kobolds
  A rat (D:2)
217 creatures vanquished.

Notes
Turn   | Place    | Note
-------+----------+-------------------------------------------
     0 | D:1      | Silvore the Minotaur Fighter began the quest for the Orb.
     0 | D:1      | Reached XP level 1. HP: 19/19 MP: 0/0
   182 | D:1      | Reached XP level 2. HP: 27/27 MP: 1/1
   320 | D:1      | Reached skill level 3 in Long Blades
   432 | D:1      | Reached XP level 3. HP: 28/33 MP: 2/2
   587 | D:1      | Found a faded altar of an unknown god.
   689 | D:2      | Noticed Jessica
   719 | D:2      | Killed Jessica
   720 | D:2      | Reached skill level 4 in Long Blades
   720 | D:2      | Reached XP level 4. HP: 26/40 MP: 3/3
  1027 | D:2      | Reached skill level 1 in Dodging
  1092 | D:2      | Reached XP level 5. HP: 46/46 MP: 4/4
  1450 | D:3      | Reached skill level 5 in Long Blades
  1526 | D:3      | Identified a scroll of acquirement
  1526 | D:3      | Acquired a manual of Long Blades
  1798 | D:3      | Found Riguinia's Magic Scroll Shoppe.
  1806 | D:3      | Bought 3 scrolls of identify for 84 gold pieces
  1806 | D:3      | Bought a scroll of identify for 28 gold pieces
  1806 | D:3      | Bought a scroll of identify for 28 gold pieces
  1806 | D:3      | Bought a scroll of identify for 28 gold pieces
  2054 | D:4      | Noticed an ogre
  2062 | D:4      | Killed an ogre
  2063 | D:4      | Reached skill level 6 in Long Blades
  2132 | D:4      | Reached XP level 6. HP: 39/52 MP: 5/5
  2146 | D:4      | Found a glowing drain.
  2156 | Sewer    | Entered a sewer
  2258 | Sewer    | Noticed Pargi
  2263 | Sewer    | Killed Pargi
  2264 | Sewer    | Reached skill level 5 in Armour
  2306 | Sewer    | Reached skill level 7 in Long Blades
  2627 | D:4      | Reached XP level 7. HP: 54/60 MP: 6/6
  2641 | D:4      | Reached skill level 8 in Long Blades
  3047 | D:5      | Entered Level 5 of the Dungeon
  3144 | D:5      | Reached skill level 9 in Long Blades
  3182 | D:5      | Noticed Ijyb
  3194 | D:5      | Killed Ijyb
  3200 | D:5      | Reached skill level 5 in Fighting
  3273 | D:5      | Reached skill level 10 in Long Blades
  3380 | D:5      | Reached XP level 8. HP: 59/69 MP: 7/7
  3455 | D:5      | Noticed Grinder
  3461 | D:5      | Reached skill level 11 in Long Blades
  3475 | D:5      | Killed Grinder
  3476 | D:5      | Reached skill level 5 in Shields
  3618 | D:6      | Reached skill level 12 in Long Blades
  3633 | D:6      | Noticed Blork the orc
  3640 | D:6      | Killed Blork the orc
  3656 | D:6      | Found a staircase to the Ecumenical Temple.
  3668 | Temple   | Entered the Ecumenical Temple
  3813 | Temple   | Became a worshipper of Warmaster Okawaru
  3978 | D:6      | Reached skill level 13 in Long Blades
  3978 | D:6      | Reached XP level 9. HP: 71/78 MP: 8/8
  4019 | D:6      | Reached * piety under Okawaru
  4355 | D:7      | Noticed Pikel
  4368 | D:7      | Killed Pikel
  4369 | D:7      | Reached skill level 14 in Long Blades
  4413 | D:7      | Found a burning altar of Makhleb.
  4620 | D:7      | Reached skill level 15 in Long Blades
  4723 | D:7      | Reached ** piety under Okawaru
  5139 | D:8      | Found Ococagit's Antique Weapon Emporium.
  5242 | D:8      | Noticed Gastronok
  5267 | D:8      | Killed Gastronok
  5267 | D:8      | Reached *** piety under Okawaru
  5268 | D:8      | Reached skill level 16 in Long Blades
  5268 | D:8      | Reached XP level 10. HP: 49/90 MP: 9/9
  5274 | D:8      | Found a bloodstained altar of Trog.
  5275 | D:8      | Found a stormy altar of Qazlal.
  5278 | D:8      | Found a radiant altar of Vehumet.
  5689 | D:8      | Found a sparkling altar of Nemelex Xobeh.
  5693 | D:8      | Noticed Psyche
  5747 | D:8      | Killed Psyche
  5947 | D:9      | Reached **** piety under Okawaru
  5955 | D:9      | Reached skill level 10 in Fighting
  6110 | D:9      | Reached skill level 10 in Armour
  6657 | D:10     | Entered Level 10 of the Dungeon
  6713 | D:10     | Reached XP level 11. HP: 101/101 MP: 10/10
  6758 | D:10     | Found a staircase to the Lair.
  6799 | D:10     | Reached ***** piety under Okawaru
  6801 | D:10     | HP: 2/101 [something/magic dart (6)]
  6804 | D:10     | Slain by a yak

Illustrated notes

Levels and vault maps discovered:
D:1:      amcnicky_arrival_feature_with_door, layout_loops_cross,
          ebering_ecumenical_altar_mist
D:2:      layout_rooms, uniq_jessica
D:3:      layout_loops_ring, serial_shops, shop, nrook_uturn,
          hangedman_decor_push, fountainhead, kennysheep_generic_room_13
D:4:      layout_loops_ring, portal_sewer_entry_a
D:5:      layout_gridville, uniq_ijyb, uniq_grinder
D:6:      layout_rooms, minmay_temple_entry_large_hall, skrybe_limestone_x,
          uniq_blork_the_orc
D:7:      layout_basic, makhleb_grotto_becter, uniq_pikel
D:8:      layout_basic, nemelex_altar_shiori,
          chequers_temple_overflow_statue_of_worship, serial_shops, shop,
          minivault_4, uniq_gastronok, uniq_psyche
D:9:      layout_roguey, hangedman_decor_opposing
D:10:     layout_big_octagon, lair_entry_dummy, minmay_librarian
Temple:   bh_familiar_temple

Skill      XL: |  1  2  3  4  5  6  7  8  9 10 11 |
---------------+----------------------------------+-----
Long Blades    | 3 4 6 7 10 13 16 | 16.6
Fighting       | 4 5 6 8 10 | 10.8
Shields        | 4 5 6 7 8 |  8.1
Armour         | 4 5 6 7 9 10 | 10.3
Dodging        | 1 2 3 |  3.6
Stealth        | |  0.1

Action                     |  1- 3 |  4- 6 |  7- 9 | 10-12 || total
---------------------------+-------+-------+-------+-------++-------
  Melee: Long sword        |    79 |   109 |   293 |   174 ||   655
         Headbutt          |     8 |    21 |    61 |    38 ||   128
    Use: Scroll            |     3 |    16 |     8 |     4 ||    31
         Potion            |       |       |     2 |     1 ||     3
 Armour: Scale mail        |    48 |    19 |       |       ||    67
         Plate armour      |       |    34 |   151 |    94 ||   279
         Skin              |       |       |    12 |     4 ||    16
  Dodge: Dodged            |    59 |    46 |    78 |    48 ||   231
  Block: Buckler           |    24 |    39 |    60 |    20 ||   143
         Tower shield      |       |       |       |   126 ||   126
